 Dungeon Crawl Stone Soup version 0.27-a0-1438-g9b7c6745da (webtiles) character file.

Game seed: 11317939066683684767

5739 Delamore the Cruncher (level 11, -7/81 HPs)
             Began as a Formicid Fighter on July 4, 2021.
             Was an Initiate of Gozag.
             Killed from afar by an electric eel (10 damage)
             ... with a bolt of electricity
             ... on level 10 of the Dungeon.
             The game lasted 00:10:43 (10004 turns).

Delamore the Cruncher (Formicid Fighter)           Turns: 10004, Time: 00:10:43

Health: -7/81      AC: 13    Str: 23    XL:     11   Next: 5%
Magic:  11/11      EV:  8    Int:  9    God:    Gozag
Gold:   443        SH: 11    Dex: 10    Spells: 10/10 levels left

rFire    . . .     SeeInvis +   D - +2 lajatang (speed)
rCold    . . .     Faith    .   c - +1 kite shield
rNeg     + . .     Spirit   .   b - +0 scale mail
rPois    .         Reflect  .   (helmet unavailable)
rElec    .         Harm     .   y - +2 cloak {Will+}
rCorr    .         Rampage  .   (no gloves)
Will     ++...                  k - +2 pair of boots
Stlth    ..........             (no amulet)
HPRegen  0.23/turn              f - ring of positive energy
MPRegen  0.12/turn              (no ring)

@: no status effects
A: permanent stasis, dig shafts and tunnels, antennae 3, four strong arms
a: Dig, Shaft Self, Renounce Religion, Potion Petition, Call Merchant, Bribe
Branch


You were on level 10 of the Dungeon.
You worshipped Gozag.
Gozag was aware of your devotion.
You visited 2 branches of the dungeon, and saw 10 of its levels.

You collected 709 gold pieces.
You spent 136 gold pieces at shops.
You paid 130 gold pieces to Gozag.

Inventory:

Hand Weapons
 D - a +2 lajatang of speed (weapon)
Missiles
 e - 5 throwing nets
 j - 34 poisoned darts (quivered)
 r - 2 boomerangs
Armour
 b - a +0 scale mail (worn)
 c - a +1 kite shield (worn)
 k - a +2 pair of boots (worn)
 y - a +2 cloak of willpower (worn)
Jewellery
 f - a ring of positive energy (left hand)
Wands
 q - a wand of iceblast (6)
 t - a wand of polymorph (6)
 u - a wand of paralysis (2)
 z - a wand of digging (5)
Scrolls
 a - 2 scrolls of identify
 i - 5 scrolls of enchant armour
 l - 2 scrolls of noise
 m - a scroll of summoning
 o - a scroll of fear
 B - 3 scrolls of amnesia
Potions
 d - a potion of might
 g - 3 potions of curing {unknown}
 h - 2 potions of brilliance
 n - 3 potions of heal wounds
 p - a potion of mutation
 w - 2 potions of flight
 A - 2 potions of cancellation


   Skills:
 + Level 6.0 Fighting
 - Level 14.0 Staves
 + Level 4.7 Armour
 + Level 5.2 Shields


You had 10 spell levels left.
You didn't know any spells.
Your spell library contained the following spells:

 Spells                   Type           Power      Damage    Failure   Level
 Beastly Appendage        Tmut           0%         N/A       92%         1
 Magic Dart               Conj           0%         1d3       92%         1
 Pain                     Necr           0%         1d4       92%         1
 Sting                    Tmut/Pois      0%         1d3       92%         1
 Corpse Rot               Necr/Air       N/A        N/A       98%         2
 Ensorcelled Hibernation  Hex/Ice        0%         N/A       98%         2
 Searing Ray              Conj           0%         3d3       98%         2
 Conjure Flame            Conj/Fire      0%         6-21      100%        3
 Dazzling Flash           Conj/Hex       0%         N/A       100%        3
 Gell's Gravitas          Tloc           0%         N/A       100%        3
 Ignite Poison            Fire/Tmut/Pois 0%         N/A       100%        3
 Lesser Beckoning         Tloc           0%         N/A       100%        3
 Ozocubu's Armour         Ice            0%         N/A       100%        3
 Spider Form              Tmut/Pois      0%         N/A       100%        3
 Teleport Other           Tloc           0%         N/A       100%        3
 Dispel Undead            Necr           0%         3d6       100%        4
 Fulminant Prism          Conj/Hex       0%         3d6       100%        4
 Iskenderun's Mystic Bla  Conj/Tloc      0%         2d3       100%        4
 Sticky Flame             Conj/Fire      0%         2d3       100%        4
 Agony                    Necr           0%         N/A       100%        5
 Excruciating Wounds      Necr           0%         N/A       100%        5
 Iskenderun's Battlesphe  Conj           0%         2d6       100%        5
 Death Channel            Necr           0%         N/A       100%        6
 Dispersal                Tloc           0%         N/A       100%        6
 Iron Shot                Conj/Erth      0%         9d1       100%        6
 Shadow Creatures         Summ           N/A        N/A       100%        6
 Starburst                Conj/Fire      0%         8x6d3     100%        6
 Statue Form              Tmut/Erth      0%         N/A       100%        6
 Ozocubu's Refrigeration  Ice            0%         4d5       100%        7
 Spellforged Servitor     Conj/Summ      0%         N/A       100%        7


Dungeon Overview and Level Annotations

Branches:
Dungeon (8/15)             Temple (1/1) D:7
   Lair: D:8-11

Altars:
Ashenzari
Cheibriados
Dithmenos
Elyvilon
Fedhas
Gozag
Hepliaklqana
Kikubaaqudgha
Nemelex Xobeh
Okawaru
Qazlal
Ru
Sif Muna
Trog
Uskayaw
Vehumet
Wu Jian
Yredelemnul
Zin
The Shining One

Shops:
D:3 *   D:4 :

Annotations:
D:8 exclusion: 2 oklob saplings


Innate Abilities, Weirdness & Mutations

You cannot be hasted, slowed, berserked, paralysed or teleported.
You can dig through walls and to a lower floor.
You have a pair of large antennae on your head. (SInv)
Your four strong arms can wield two-handed weapons with a shield.


Message History

You are too injured to fight recklessly!
You are too injured to fight recklessly!
You are too injured to fight recklessly!
You are too injured to fight recklessly!
You are too injured to fight recklessly!
You are too injured to fight recklessly!
You are too injured to fight recklessly!
You are too injured to fight recklessly!
You are too injured to fight recklessly!
You are too injured to fight recklessly!
You are too injured to fight recklessly!
You are too injured to fight recklessly!
You are too injured to fight recklessly!
You are too injured to fight recklessly!
You are too injured to fight recklessly!
You are too injured to fight recklessly!
You are too injured to fight recklessly!
You are too injured to fight recklessly!
You are too injured to fight recklessly!
You are too injured to fight recklessly!
You are too injured to fight recklessly!
You are too injured to fight recklessly!
You are too injured to fight recklessly!
The electric eel shoots out a bolt of lightning at you!
The bolt of electricity hits the electric eel.
The electric eel completely resists.
The bolt of electricity hits you. The bolt of electricity hits you!
* * * LOW HITPOINT WARNING * * *
The electric eel shoots out a bolt of lightning at you!
The bolt of electricity hits you!
* * * LOW HITPOINT WARNING * * *
The bolt of electricity hits you!
* * * LOW HITPOINT WARNING * * *
You extend your mandibles.
You dig through the rock wall.
The electric eel shoots out a bolt of lightning at you!
The bolt of electricity hits the electric eel.
The electric eel completely resists.
The bolt of electricity hits you!
You die...
Your body crumbles into a pile of gold.

. #.....' #.)#.#
..##.....###))#.# ≈≈#
............#.#
##≈≈≈≈#
....#.#<...#...
#≈≈≈≈≈≈. #..#.#......#
≈≈≈≈≈≈≈≈ #..#...#.##.#
≈≈≈≈≈≈≈≈≈ #......#.#
.#
≈≈≈≈≈≈≈≈≈###.####.#.#
#
≈≈≈≈≈≈;;...@....#.#.#
#≈≈≈≈≈;###.###..#.#.##
#≈≈≈≈..O..# #.##.....
##≈≈.....####.....#
###.###....#.....#
#......#.#.###.#
######.#...# ?.
#.##### ## #..


You could see a two-headed ogre and 3 electric eels.

Vanquished Creatures
  Harold (D:8)
  A hornet (D:8)
  The ghost of smalleywall the Insei, an amateur OpTm (D:3)
  Sigmund (D:5)
  2 wraiths
  Duvessa (D:4)
  3 acid dragons
  2 water moccasins
  3 ice beasts
  2 black bears (D:7)
  2 sky beasts
  An orc warrior (D:7)
  3 ogres
  2 centaurs
  2 phantoms
  2 wyvern zombies (D:5)
  4 scorpions
  Dowan (D:4)
  A water moccasin zombie (D:5)
  A water moccasin skeleton (D:5)
  5 killer bees (D:7)
  8 howler monkeys
  4 gnoll shamans
  2 bullfrog zombies (D:5)
  A centaur zombie (D:7)
  3 hounds
  4 bullfrog skeletons
  4 jellies
  2 orc priests
  Crazy Yiuf (D:4)
  2 centaur skeletons (D:6)
  3 iguanas
  Ijyb (D:4)
  2 orc wizards
  A scorpion zombie (D:2)
  A killer bee zombie (D:5)
  A hound zombie (D:5)
  A hound skeleton (D:2)
  17 adders
  11 gnolls
  A shadow imp (D:7)
  A white imp (D:5)
  2 ufetubi
  An adder zombie (D:2)
  An adder skeleton (D:2)
  2 worms
  3 dart slugs
  16 orcs
  6 bats
  A bat skeleton (D:2)
  8 endoplasms
  A giant cockroach (D:3)
  11 goblins
  7 hobgoblins
  5 jackals
  5 kobolds
  2 quokkas
  15 ball pythons
  2 ball python skeletons (D:2)
  4 frilled lizards
  A quokka zombie (D:2)
  6 rats
211 creatures vanquished.

Vanquished Creatures (others)
  A fungus (D:4)
  8 plants (D:8)
  7 withered plants (D:2)
16 creatures vanquished.

Grand Total: 227 creatures vanquished

Notes
Turn   | Place    | Note
-------+----------+-------------------------------------------
     0 | D:1      | Delamore the Formicid Fighter began the quest for the Orb.
     0 | D:1      | Reached XP level 1. HP: 18/18 MP: 1/1
    87 | D:1      | Found a faded altar of an unknown god.
   151 | D:1      | Reached XP level 2. HP: 8/24 MP: 2/2
   998 | D:1      | Reached skill level 3 in Staves
   998 | D:1      | Reached XP level 3. HP: 21/30 MP: 3/3
  1386 | D:2      | Reached XP level 4. HP: 28/37 MP: 4/4
  1865 | D:2      | Reached skill level 4 in Staves
  1875 | D:2      | Reached XP level 5. HP: 34/43 MP: 5/5
  2463 | D:3      | Reached XP level 6. HP: 49/49 MP: 6/6
  2479 | D:3      | Found a runed translucent door.
  2708 | D:3      | Found Yluitur's General Store.
  2719 | D:3      | Bought a potion of heal wounds for 65 gold pieces
  2719 | D:3      | Bought a scroll of fear for 45 gold pieces
  2719 | D:3      | Bought a scroll of identify for 26 gold pieces
  2878 | D:3      | Reached skill level 5 in Staves
  3196 | D:3      | Noticed smalleywall's ghost (amateur OpTm)
  3207 | D:3      | Killed smalleywall's ghost
  3208 | D:3      | Reached skill level 5 in Fighting
  3208 | D:3      | Reached skill level 6 in Staves
  3208 | D:3      | Reached XP level 7. HP: 56/56 MP: 7/7
  3274 | D:4      | Found Tecaduix's Book Shop.
  3354 | D:4      | Found a shadowy altar of Dithmenos.
  3536 | D:4      | Noticed Duvessa
  3566 | D:4      | Killed Duvessa
  3567 | D:4      | Reached skill level 7 in Staves
  3740 | D:4      | Noticed Dowan
  3761 | D:4      | Reached XP level 8. HP: 60/62 MP: 8/8
  3763 | D:4      | Killed Dowan
  3764 | D:4      | Reached skill level 8 in Staves
  3848 | D:4      | Noticed Ijyb
  3860 | D:4      | Killed Ijyb
  3985 | D:4      | Found a runed translucent door.
  3986 | D:4      | Noticed Crazy Yiuf
  4319 | D:4      | Killed Crazy Yiuf
  4664 | D:5      | Entered Level 5 of the Dungeon
  4933 | D:5      | Noticed Sigmund
  4941 | D:5      | Reached skill level 9 in Staves
  4944 | D:5      | Killed Sigmund
  5215 | D:5      | Reached skill level 10 in Staves
  5215 | D:5      | Reached XP level 9. HP: 64/68 MP: 9/9
  5528 | D:5      | Reached skill level 11 in Staves
  5888 | D:5      | Found a hazy altar of Hepliaklqana.
  6424 | D:6      | Reached skill level 12 in Staves
  6580 | D:6      | Reached XP level 10. HP: 45/74 MP: 10/10
  7386 | D:7      | Found a staircase to the Ecumenical Temple.
  7400 | Temple   | Entered the Ecumenical Temple
  7508 | D:7      | Found an iron altar of Okawaru.
  7515 | D:7      | Reached skill level 13 in Staves
  8104 | D:7      | Found an opulent altar of Gozag.
  8195 | D:7      | Found a sacrificial altar of Ru.
  8252 | D:7      | Became a worshipper of Gozag Ym Sagoz the Greedy
  8536 | D:7      | Found a basalt altar of Yredelemnul.
  8647 | D:8      | Noticed Harold
  8699 | D:8      | Killed Harold
  8700 | D:8      | Reached skill level 14 in Staves
  8982 | D:8      | Got the Tome of Shifting Toxins
  9477 | D:8      | Noticed an eight-headed hydra
  9778 | D:8      | You fall into a shaft and drop 2 floors!
  9778 | D:10     | Entered Level 10 of the Dungeon
  9788 | D:10     | Reached XP level 11. HP: 59/81 MP: 11/11
  9930 | D:10     | Reached skill level 5 in Shields
  9999 | D:10     | Noticed a two-headed ogre
 10003 | D:10     | HP: 2/81 [electric eel/bolt of electricity (9)]
 10004 | D:10     | Killed from afar by an electric eel

Illustrated notes

Levels and vault maps discovered:
D:1:      onia_arrival_mini_maze, layout_basic, ebering_ecumenical_altar_webs,
          hangedman_glass_teeth, minmay_misc_feat_tiny, minmay_cupped
D:2:      layout_rooms, serial_undead, serial_undead_d, serial_undead_c,
          serial_undead_f, serial_undead_c, feat_on_display
D:3:      layout_basic, ebering_ghost_reflecting_pool, serial_shops,
          nicolae_shop_trees
D:4:      layout_basic, nicolae_dithmenos_through_a_glass_darkly, serial_shops,
          shop, uniq_ijyb, uniq_duvessa, uniq_crazy_yiuf_cottage
D:5:      kennysheep_windowed_halls, layout_rooms, kennysheep_mini, uniq_sigmund
D:6:      layout_loops_ring, kennysheep_generic_room_11
D:7:      layout_rooms, okawaru_trees_2, lemuel_tele_altar,
          amethyst_overflow_temple_binary, minmay_temple_entry_junction,
          minmay_misc_feat_pillars, kennysheep_potato
D:8:      layout_loops_corners, introduction_to_nature_1, uniq_maggie,
          uniq_maurice, uniq_harold
D:10:     layout_basic, led_xom_imps, hiddenorc2_lemuel
Temple:   nicolae_temple_great_sept

Skill      XL: |  1  2  3  4  5  6  7  8  9 10 11 |
---------------+----------------------------------+-----
Staves         | 3 4 6 7 10 12 14 | 14.0
Fighting       | 4 5 6 |  6.0
Shields        | 4 5 |  5.2
Armour         | 4 |  4.7

Action                   |  1- 3 |  4- 6 |  7- 9 | 10-12 || total
-------------------------+-------+-------+-------+-------++-------
Melee: Quarterstaff      |    74 |   206 |   228 |       ||   508
       Lajatang          |       |       |    62 |   195 ||   257
Throw: Dart              |       |       |       |    16 ||    16
 Abil: Dig               |       |       |    10 |     5 ||    15
       Shaft Self        |       |       |       |     1 ||     1
Evoke: Wand              |       |     2 |     2 |     3 ||     7
  Use: Scroll            |     5 |     4 |     4 |     5 ||    18
       Potion            |       |       |       |     3 ||     3
 Stab: Paralysed         |       |       |     8 |       ||     8
       Confused          |       |       |     1 |       ||     1
       Distracted        |       |       |       |     1 ||     1
Armor: Scale mail        |    26 |    99 |    97 |    81 ||   303
       Skin              |       |       |       |     4 ||     4
Dodge: Dodged            |    20 |    66 |    73 |    69 ||   228
Block: Kite shield       |    40 |   120 |   142 |   109 ||   411

Table legend: (Time is in decaauts)
 A = Elapsed time spent in this place.
 B = Non-inter-level travel time spent in this place.
 C = Inter-level travel time spent in this place.
 D = Time resting spent in this place.
 E = Time spent auto-exploring this place.
 F = Levels seen in this place.
 G = Mean time per level.
                   A        B        C        D        E       F      G
               +--------+--------+--------+--------+--------+-----+--------+
         Total |  10017 |   9483 |    534 |   2327 |   5535 |  10 | 1001.7 |
       Dungeon |   9936 |   9414 |    522 |   2327 |   5468 |   9 | 1104.0 |
        Temple |     80 |     68 |     12 |      0 |     67 |   1 |   80.0 |
               +--------+--------+--------+--------+--------+-----+--------+

Top non-repeatable levels by time:
     D:7: 1597 daAuts
     D:5: 1541 daAuts
     D:1: 1396 daAuts
     D:4: 1301 daAuts
     D:3: 1068 daAuts
     D:2: 989 daAuts
     D:8: 936 daAuts
     D:6: 892 daAuts
    D:10: 213 daAuts
  Temple: 80 daAuts
